 Dungeon Crawl Stone Soup version 0.18-a0-1343-g48c8f86 (webtiles) character file.

343 M4edhros the Insei (level 6, -5/47 HPs)
             Began as a Mummy Monk on Feb 16, 2016.
             Slain by a slave (7 damage)
             ... led by Pikel
             ... on level 4 of the Dungeon.
             The game lasted 00:09:56 (6293 turns).

M4edhros the Insei (Mummy Monk)                     Turns: 6293, Time: 00:09:57

Health: -5/47      AC:  3    Str: 19    XL:     6   Next: 31%
Magic:  6/6        EV: 13    Int: 10    God:
Gold:   264        SH:  0    Dex: 16    Spells: 0 memorised, 5 levels left

rFire  x . .     SeeInvis .       - Unarmed
rCold  + . .     Gourm    .     (no armour)
rNeg   + + +     Faith    .     (no shield)
rPois  ∞         Spirit   .     (no helmet)
rElec  .         Dismiss  .     c - +2 cloak
rCorr  .         Reflect  .     (no gloves)
SustAt .         Harm     .     (no boots)
MR     +....                    (no amulet)
Stlth  +++.......               l - ring of protection from magic (curse)
                                i - +5 ring of strength

@: somewhat resistant to hostile enchantments, fairly stealthy
A: no food or potions, fire vulnerability, cold resistance 1, negative energy
resistance 3, torment resistance, unbreathing
a: no special abilities


You were on level 4 of the Dungeon.
You were not hungry.

You visited 1 branch of the dungeon, and saw 6 of its levels.

You collected 264 gold pieces.

Inventory:

Armour
 c - a +2 cloak (worn)
Jewellery
 i - a +5 ring of strength (left hand)
 l - a cursed ring of protection from magic (right hand)
Scrolls
 a - a scroll of amnesia
 e - 2 scrolls of remove curse
 f - 2 scrolls of random uselessness
 g - 2 scrolls of magic mapping
 h - a scroll of identify
 k - 3 scrolls of immolation


   Skills:
 - Level 3.0 Fighting
 - Level 2.4 Dodging
 + Level 4.4 Stealth
 + Level 5.0 Unarmed Combat


You had 5 spell levels left.
You didn't know any spells.

Dungeon Overview and Level Annotations

Branches:
Dungeon (6/15)             Temple (0/1) D:5

Altars:
Ashenzari
Elyvilon
Fedhas
Kikubaaqudgha
Makhleb
Nemelex Xobeh
Pakellas
Qazlal
Sif Muna
Xom
Yredelemnul
Zin

Shops:
D:5 (

Annotations:
D:4 Sigmund
D:5 exclusions: slave and 4 more exclusions, Pikel


Innate Abilities, Weirdness & Mutations

You do not eat or drink.
Your flesh is vulnerable to fire.
You are immune to poison.
Your flesh is cold resistant.
You are immune to negative energy.
You are immune to unholy pain and torment.
You can survive without breathing.


Message History

The slave is heavily wounded.
The slave closely misses you.
You hit the slave.
The slave is severely wounded.
The slave hits you.
* * * LOW HITPOINT WARNING * * *
You closely miss the slave. Your punch misses the slave.
The slave is severely wounded.
The slave misses you.
You closely miss the slave.
The slave is severely wounded.
The slave hits you.
* * * LOW HITPOINT WARNING * * *
You closely miss the slave.
The slave is severely wounded.
The slave misses you.
You hit the slave but do no damage.
The slave is heavily wounded.
The slave hits you!
You die...

#.........#....@..#.# #
#.######....#######.# # #.#
#....@.......# #. #.#
#.†....#####.# #.## #.####
######## #.# ...## #....#
##8###8## #.# #...
....###8...8...8###.# #..######
###..##.........###.# #........
#
#..#_........p@#@.#####..######
#
#..##!........##.........#####
#
#.###8...8...8#########......#
# #.# ##8###8## (...........###
# #.### # #### ######§###.#.[ #
#.#.## #..# #..5..'.. ###.(..#
#..# #####.###.#..
....#.#######..#.# .....##.####
###.5..g..>....#.# ##..#.###..


You could see Sigmund and a slave.

Vanquished Creatures
  A scorpion (D:5)
  A giant frog zombie (D:4)
  A centaur skeleton (D:4)
  A jelly (D:6)
  A hound zombie (D:5)
  2 gnolls (D:4)
  9 adders
  A shadow imp (D:6)
  An ooze (D:2)
  3 worms (D:2)
  2 giant geckos
  2 orcs
  2 giant cockroaches
  3 goblins
  6 hobgoblins
  6 jackals
  12 kobolds
  2 quokkas (D:2)
  5 bats
  5 giant newts
  A jackal zombie (D:5)
  A quokka skeleton (D:6)
  12 rats
80 creatures vanquished.

Notes
Turn   | Place    | Note
--------------------------------------------------------------
     0 | D:1      | M4edhros the Mummy Monk began the quest for the Orb.
     0 | D:1      | Reached XP level 1. HP: 18/18 MP: 1/1
   395 | D:1      | Reached XP level 2. HP: 21/24 MP: 2/2
  1250 | D:1      | Reached XP level 3. HP: 26/29 MP: 3/3
  1595 | D:2      | Found a shattered altar of Ashenzari.
  1706 | D:2      | Reached skill level 4 in Unarmed Combat
  1715 | D:2      | Reached XP level 4. HP: 31/35 MP: 4/4
  3470 | D:4      | Found an oddly glowing altar of Pakellas.
  3535 | D:4      | Reached XP level 5. HP: 22/41 MP: 5/5
  3688 | D:4      | Noticed Sigmund
  4261 | D:4      | Found a shimmering altar of Xom.
  4262 | D:4      | Found a burning altar of Makhleb.
  4500 | D:5      | Entered Level 5 of the Dungeon
  4748 | D:5      | Noticed a slave
  4789 | D:5      | Found a staircase to the Ecumenical Temple.
  4845 | D:5      | Reached XP level 6. HP: 25/47 MP: 6/6
  5034 | D:5      | Found Zeskoado's Antique Weapon Shoppe.
  5105 | D:5      | Found a deep blue altar of Sif Muna.
  5107 | D:5      | Found a white marble altar of Elyvilon.
  5109 | D:5      | Found a shattered altar of Ashenzari.
  5120 | D:5      | Found a blossoming altar of Fedhas.
  5129 | D:5      | Found an ancient bone altar of Kikubaaqudgha.
  5129 | D:5      | Found a basalt altar of Yredelemnul.
  5132 | D:5      | Found a stormy altar of Qazlal.
  5218 | D:6      | Found a sparkling altar of Nemelex Xobeh.
  5303 | D:5      | Noticed Pikel
  5303 | D:5      | Noticed a slave
  5339 | D:6      | Reached skill level 5 in Unarmed Combat
  5466 | D:6      | Found a glowing silver altar of Zin.
  5776 | D:6      | Noticed an orc warrior
  6232 | D:5      | Noticed a slave
  6232 | D:5      | Noticed a slave
  6291 | D:4      | HP: 2/47 [slave[Pikel] (2)]
  6293 | D:4      | Slain by a slave

Vault maps used:
D:1:      dpeg_arrival_signposts
D:2:      first_bread, ashenzari_altar_1
D:4:      grunt_temple_overflow_champion_of_chaos, kennysheep_mini,
          nicolae_overflow_hidden_temple, grunt_decor_one_mirror, uniq_sigmund
D:5:      minitemple, minmay_temple_entry_glassed_door, serial_shops,
          nicolae_shop_stone, hex_tiny, uniq_pikel
D:6:      zin_academy, nemelex_deck

Action                   |  1- 3 |  4- 6 || total
-------------------------+-------+-------++-------
Melee: Unarmed           |   151 |   268 ||   419
  Use: Scroll            |       |     8 ||     8
 Stab: Sleeping          |     4 |     5 ||     9
